 Dungeon Crawl Stone Soup version 0.19-a0-1686-g35356ef (webtiles) character file.

1733 Amnesiac the Poker (level 8, -7/52 HPs)
             Began as a Mummy Enchanter on Sept 25, 2016.
             Killed from afar by Dowan (11 damage)
             ... with a stone arrow
             ... on level 6 of the Dungeon.
             The game lasted 00:15:34 (8401 turns).

Amnesiac the Poker (Mummy Enchanter)                Turns: 8401, Time: 00:15:35

Health: -7/52      AC:  8    Str: 12    XL:     8   Next: 76%
Magic:  2/11       EV: 12    Int: 16    God:
Gold:   257        SH:  0    Dex: 12    Spells: 4 memorised, 1 level left

rFire  x . .     SeeInvis .     i - +0 halberd
rCold  + . .     Gourm    .     b - +1 robe
rNeg   + + +     Faith    .     (shield currently unavailable)
rPois  ∞         Spirit   .     g - +0 helmet
rElec  .         Dismiss  .     (no cloak)
rCorr  .         Reflect  .     (no gloves)
MR     +....     Harm     .     (no boots)
Stlth  +.........               (no amulet)
                                h - ring of flight
                                e - +3 ring of protection

@: glowing
A: no food or potions, fire vulnerability, cold resistance 1, negative energy
resistance 3, torment resistance, unbreathing
a: Evoke Flight


You were on level 6 of the Dungeon.
You were not hungry.

You visited 1 branch of the dungeon, and saw 6 of its levels.

You collected 257 gold pieces.

Inventory:

Hand Weapons
 a - a +2 dagger
 i - a +0 halberd (weapon)
 o - a +2 war axe of flaming
Armour
 b - a +1 robe (worn)
 g - a +0 helmet (worn)
Jewellery
 e - a +3 ring of protection (left hand)
 h - a ring of flight (right hand)
Wands
 d - a wand of iceblast (6/15)
 f - a wand of acid (0/15)
 l - a wand of acid (4/15)
 r - a wand of acid (13/15)
Scrolls
 j - a scroll of immolation {unknown}
 k - a scroll of fear {unknown}
 m - a scroll of magic mapping {unknown}
 n - 3 scrolls of remove curse
 p - 2 scrolls of identify
 q - a scroll of random uselessness {unknown}
 s - a scroll of teleportation
Books
 c - a book of Maledictions

   Spells                             Type                      Level
   a - Corona                         Hexes                        1
   b - Ensorcelled Hibernation        Hexes/Ice                    2
   c - Confuse                        Hexes                        3
   d - Tukima's Dance                 Hexes                        3
   e - Dazzling Spray                 Conjuration/Hexes            3


   Skills:
 - Level 0.7 Short Blades
 + Level 7.3 Polearms
 - Level 1.5 Dodging
 - Level 2.4 Stealth
 - Level 2.0 Spellcasting
 - Level 7.0 Hexes


You had one spell level left.
You knew the following spells:

 Your Spells              Type           Power        Failure   Level  Hunger
e - Confuse               Hex            ###.....     3%          3    N/A
f - Corona                Hex            ###....      1%          1    N/A
q - Dazzling Spray        Conj/Hex       ##....       14%         3    N/A
w - Tukima's Dance        Hex            ###.....     3%          3    N/A

Dungeon Overview and Level Annotations

Branches:
Dungeon (6/15)
 Temple: D:4-7

Altars:

Annotations:
D:6 Dowan


Innate Abilities, Weirdness & Mutations

You do not eat or drink.
Your flesh is vulnerable to fire.
You are immune to poison.
Your flesh is cold resistant. (rC+)
You are immune to negative energy. (rN+++)
You are immune to unholy pain and torment.
You can survive without breathing.


Message History

Evoking this partially-identified wand wasted a few charges.
Dowan says, "How can I live without her?"
Dowan hits you but does no damage. x2
Evoke which item? (* to show all) (? for menu, Esc to quit)
Zapping:
f - a wand of acid {zapped: 3} (will waste charges)
Press: ? - help, Shift-Dir - straight line, f - Dowan
Aim: Dowan, wielding a dagger and wearing a robe (heavily wounded, fast)
The bolt of acid misses Dowan.
Evoking this partially-identified wand wasted a few charges.
Dowan hits you but does no damage.
Unknown command.
Unknown command.
Evoke which item? (* to show all) (? for menu, Esc to quit)
Zapping:
f - a wand of acid {zapped: 6} (will waste charges)
Press: ? - help, Shift-Dir - straight line, f/p - Dowan
Aim: Dowan, wielding a dagger and wearing a robe (heavily wounded, fast) Nothing appears to happen.
Dowan points at you and mumbles some strange words.
The stone arrow hits you!
You die...

#.#.#.#.# #######
##.......########.....#
..e#.#.#..............#
###<.....####.......).#
##.#.#.#.....##.....#
#..o..=..##.####%####
##.#.#......# ##.# #
##.....#######..# #
#..).##.....@.#######..# #
##..###.###e..........# #
#..#....#...#####.....#
#####.#..##...### .....#
............### .....#
#......#...##########.....#
...........................#
.###....##.#e.....#.......##
.###.##.##..#.............#


You could see Dowan.

Vanquished Creatures
  Duvessa (D:6)
  Edmund (D:5)
  A sky beast (D:5)
  An orc warrior (D:6)
  An ogre (D:4)
  A centaur (D:5)
  A scorpion (D:4)
  2 howler monkeys (D:4)
  3 crimson imps
  An orc priest (D:6)
  2 jellies
  8 orc wizards
  2 hounds (D:5)
  A bullfrog skeleton (D:5)
  An iguana (D:6)
  7 worker ants
  8 gnolls
  5 adders
  4 worms
  A dart slug (D:4)
  3 leopard geckos
  22 orcs
  7 bats
  2 giant cockroaches
  5 goblins
  7 hobgoblins
  11 jackals
  2 quokkas (D:6)
  6 frilled lizards
  9 kobolds
  10 rats
136 creatures vanquished.

Vanquished Creatures (collateral kills)
  An ogre (D:5)
  A gnoll sergeant (D:5)
  Terence (D:2)
  An orc (D:4)
  A kobold (D:2)
5 creatures vanquished.

Vanquished Creatures (others)
  2 dancing weapons
  An orc wizard (D:5)
3 creatures vanquished.

Grand Total: 144 creatures vanquished

Notes
Turn   | Place    | Note
-------+----------+-------------------------------------------
     0 | D:1      | Amnesiac the Mummy Enchanter began the quest for the Orb.
     0 | D:1      | Reached XP level 1. HP: 13/13 MP: 3/3
   269 | D:1      | Reached XP level 2. HP: 18/19 MP: 3/5
   914 | D:1      | Reached XP level 3. HP: 14/24 MP: 4/6
   919 | D:1      | Learned a level 3 spell: Confuse
  1740 | D:2      | Noticed Terence
  2172 | D:2      | Reached XP level 4. HP: 13/30 MP: 0/7
  2177 | D:2      | Learned a level 3 spell: Tukima's Dance
  2390 | D:2      | Killed Terence
  2763 | D:4      | Reached skill level 5 in Hexes
  2989 | D:4      | Noticed an ogre
  3468 | D:3      | Reached XP level 5. HP: 31/35 MP: 3/8
  4354 | D:4      | Reached skill level 1 in Polearms
  4367 | D:4      | Reached XP level 6. HP: 28/41 MP: 7/9
  5312 | D:5      | Entered Level 5 of the Dungeon
  5360 | D:5      | Reached XP level 7. HP: 18/46 MP: 2/10
  5622 | D:5      | Noticed Edmund
  5638 | D:5      | Killed Edmund
  5921 | D:5      | Reached skill level 5 in Polearms
  6468 | D:5      | Reached XP level 8. HP: 36/52 MP: 7/11
  7836 | D:6      | Learned a level 3 spell: Dazzling Spray
  7851 | D:6      | Noticed Dowan
  7853 | D:6      | Noticed Duvessa
  8399 | D:6      | Killed Duvessa
  8401 | D:6      | Killed from afar by Dowan

Vault maps used:
D:1:      scummos_arrival_simple_crosswalls, minmay_misc_feat_five
D:2:      uniq_terence, uniq_iyjb
D:3:      minmay_misc_feat_x, st_stairs_11
D:5:      first_bread, uniq_edmund
D:6:      grunt_ministairs_1, st_stairs_13, uniq_duvessa

Skill      XL: |  1  2  3  4  5  6  7  8 |
---------------+-------------------------+-----
Hexes          | 3 4 5 6 7 |  7.0
Polearms       | 1 3 5 7 |  7.3
Short Blades   | |  0.7
Dodging        | |  1.5
Stealth        | |  2.4
Spellcasting   | |  2.0

Action                   |  1- 3 |  4- 6 |  7- 9 || total
-------------------------+-------+-------+-------++-------
Melee: Dagger            |   211 |    81 |       ||   292
       Spear             |       |    21 |       ||    21
       Halberd           |       |   115 |   298 ||   413
 Cast: Corona            |    36 |     6 |     7 ||    49
       Confuse           |     7 |    36 |    41 ||    84
       Tukima's Dance    |       |     8 |     9 ||    17
       Dazzling Spray    |       |       |     1 ||     1
Evoke: Wand              |       |       |     2 ||     2
  Use: Scroll            |       |     4 |     1 ||     5
 Stab: Sleeping          |     3 |     4 |     2 ||     9
       Confused          |     2 |    12 |    14 ||    28
       Distracted        |       |     2 |       ||     2
       Invisible         |       |       |     1 ||     1
Armor: Robe              |    61 |    94 |    86 ||   241
Dodge: Dodged            |   145 |   164 |   132 ||   441
